 Dungeon Crawl Stone Soup version 0.29-a0-506-ga2e7fffb44 (webtiles) character file.

Game seed: 2655515080037584124

140 YayAnonymity the Shield-Bearer (level 5, -4/41 (47) HPs)
             Began as a Gnoll Fighter on May 28, 2022.
             Slain by a wight
             ... wielding a +5 hand axe
              (10 damage)
             ... on level 4 of the Dungeon.
             The game lasted 00:03:18 (3547 turns).

YayAnonymity the Shield-Bearer (Gnoll Fighter)      Turns: 3547, Time: 00:03:18

HP:   -4/41 (47)    AC:  7    Str: 17    XL:     5   Next: 23%
MP:   7/7           EV:  9    Int:  7    God:
Gold: 220           SH:  5    Dex: 12    Spells: 6/6 levels left

rFire   + . .      SeeInvis .   t - +7 long sword of Indomitability {vorpal, rF+ Will+}
rCold   . . .      Faith    .   c - +0 buckler
rNeg    . . .      Spirit   .   b - +0 scale mail
rPois   .          Reflect  .   (no helmet)
rElec   .          Harm     .   (no cloak)
rCorr   .          Rampage  .   (no gloves)
Will    +....                   (no boots)
Stlth   ..........              (no amulet)
HPRegen 0.13/turn               m - +4 ring of slaying
MPRegen 0.10/turn               (no ring)

@: heavily drained
A: fangs 1, strong nose, distributed training
a: no special abilities


You were on level 4 of the Dungeon.
You visited 1 branch of the dungeon, and saw 4 of its levels.

You collected 220 gold pieces.

Inventory:

Hand Weapons
 a - a +0 war axe
 t - the +7 long sword of Indomitability (weapon) {vorpal, rF+ Will+}
   (You found it on level 3 of the Dungeon)

   It inflicts extra damage upon your enemies.
   rF:        It protects you from fire.
   Will:      It increases your willpower.
Armour
 b - a +0 scale mail (worn)
 c - a +0 buckler (worn)
 g - a +1 ring mail of positive energy
Jewellery
 m - a +4 ring of slaying (left hand)
Wands
 u - a wand of iceblast (10)
Scrolls
 e - a scroll of fog {unknown}
 f - 4 scrolls of identify {unknown}
 h - 2 scrolls of enchant weapon {unknown}
 i - a scroll of amnesia {unknown}
 n - 3 scrolls of teleportation {unknown}
 o - a scroll of vulnerability {unknown}
 r - a scroll of enchant armour {unknown}
 s - a scroll of brand weapon {unknown}
Potions
 d - 5 potions of might
 j - a potion of brilliance {unknown}
 k - 2 potions of magic {unknown}
 l - a potion of attraction {unknown}
 p - a potion of resistance {unknown}
 q - a potion of degeneration {unknown}


   Skills:
 + Level 6.6 Fighting
 + Level 1.4 Short Blades
 + Level 1.4 Long Blades
 + Level 4.7 Axes
 + Level 1.4 Maces & Flails
 + Level 1.4 Polearms
 + Level 1.4 Staves
 + Level 1.4 Slings
 + Level 1.4 Bows
 + Level 1.4 Crossbows
 + Level 1.4 Throwing
 + Level 6.6 Armour
 + Level 1.4 Dodging
 + Level 1.4 Stealth
 + Level 6.6 Shields
 + Level 1.4 Unarmed Combat
 + Level 1.4 Spellcasting
 + Level 1.1 Conjurations
 + Level 1.1 Hexes
 + Level 1.1 Summonings
 + Level 1.1 Necromancy
 + Level 1.1 Translocations
 + Level 1.1 Transmutations
 + Level 1.1 Fire Magic
 + Level 1.1 Ice Magic
 + Level 1.1 Air Magic
 + Level 1.1 Earth Magic
 + Level 1.1 Poison Magic
 + Level 1.5 Invocations
 + Level 1.4 Evocations


You had 6 spell levels left.
You didn't know any spells.
Your spell library contained the following spells:

 Spells                   Type           Power      Damage    Failure   Level
 Anguish                  Hex/Necr       1%         N/A       100%        4
 Enfeeble                 Hex            1%         N/A       100%        7


Dungeon Overview and Level Annotations

Branches:
Dungeon (4/15)
 Temple: D:4-7

Altars:
Trog
Vehumet
Zin

Shops:
D:3 ?

Annotations:
D:2 1 runed translucent door, Crazy Yiuf


Innate Abilities, Weirdness & Mutations

You have very sharp teeth.
Your uncanny sense of smell can sniff out nearby items.
Your experience applies equally to all skills.


Message History

You see here a jackal corpse.
You feel sick.
There is an open door here.
You feel sick.
You are no longer poisoned.
Magic restored.
You open the door.
There is an open door here.
An adder comes into view.
The adder hisses angrily.
The adder barely misses you.
You slash the adder!
You kill the adder!
No target in view!
No target in view!
A wight comes into view. It is wielding a +5 hand axe.
A wight comes into view. It is wielding a +0 great sword.
A wight comes into view. It is wielding a +0 hand axe.
You block the wight's attack.
You barely miss the wight. The wight closely misses you.
You slash the wight!
The wight is almost destroyed.
The wight hits you with a +5 hand axe.
You feel drained. The wight barely misses you.
The wight hits you with a +5 hand axe.
You closely miss the wight.
The wight is almost destroyed.
The wight hits you but does no damage. The wight hits you with a +0 hand axe.
You feel drained.
The wight hits you with a +0 great sword!
You feel drained.
You are too injured to fight recklessly!
You are too injured to fight recklessly!
You are too injured to fight recklessly!
You are too injured to fight recklessly!
The wight hits you with a +0 great sword!
* * * LOW HITPOINT WARNING * * *
You feel drained.
* * * LOW HITPOINT WARNING * * *
The wight attacks as you move away! The wight hits you with a +5 hand axe!
You die...

#...# # ....∆.## #...
.. #..... ###..#.
..... #.z# ######zz#
.......@# ........#
.....#..######
####.........#
..#....####.#
#........##.#
###......##.#######
####................
.........###.######.#


You could see 3 wights.

Vanquished Creatures
  4 adders
  2 worms
  2 dart slugs
  An orc (D:3)
  3 ball pythons (D:2)
  6 endoplasms
  10 hobgoblins
  16 jackals
  3 kobolds
  6 quokkas
  5 bats
  5 frilled lizards
  12 goblins
  7 rats
82 creatures vanquished.

Vanquished Creatures (others)
  4 plants (D:3)
4 creatures vanquished.

Grand Total: 86 creatures vanquished

Notes
Turn   | Place    | Note
-------+----------+-------------------------------------------
     0 | D:1      | YayAnonymity the Gnoll Fighter began the quest for the Orb.
     0 | D:1      | Reached XP level 1. HP: 23/23 MP: 1/1
   206 | D:1      | Reached XP level 2. HP: 27/29 MP: 2/2
   446 | D:1      | Reached XP level 3. HP: 35/35 MP: 3/3
  1285 | D:2      | Reached skill level 1 in Invocations
  1545 | D:2      | Reached skill level 1 in Short Blades
  1545 | D:2      | Reached skill level 1 in Long Blades
  1545 | D:2      | Reached skill level 1 in Maces & Flails
  1545 | D:2      | Reached skill level 1 in Polearms
  1545 | D:2      | Reached skill level 1 in Staves
  1545 | D:2      | Reached skill level 1 in Slings
  1545 | D:2      | Reached skill level 1 in Bows
  1545 | D:2      | Reached skill level 1 in Crossbows
  1545 | D:2      | Reached skill level 1 in Throwing
  1545 | D:2      | Reached skill level 1 in Dodging
  1545 | D:2      | Reached skill level 1 in Stealth
  1545 | D:2      | Reached skill level 1 in Unarmed Combat
  1545 | D:2      | Reached skill level 1 in Spellcasting
  1545 | D:2      | Reached skill level 1 in Evocations
  1715 | D:2      | Found a runed translucent door.
  1716 | D:2      | Noticed Crazy Yiuf
  1763 | D:2      | Reached XP level 4. HP: 41/41 MP: 5/5
  1930 | D:2      | Found a glowing silver altar of Zin.
  2332 | D:3      | Found a radiant altar of Vehumet.
  2365 | D:3      | Found Hagirhudgh's Magic Scroll Shop.
  2670 | D:3      | Identified the +7 long sword of Indomitability {vorpal, rF+
                  | Will+}
  2736 | D:3      | Reached skill level 1 in Conjurations
  2736 | D:3      | Reached skill level 1 in Hexes
  2736 | D:3      | Reached skill level 1 in Summonings
  2736 | D:3      | Reached skill level 1 in Necromancy
  2736 | D:3      | Reached skill level 1 in Translocations
  2736 | D:3      | Reached skill level 1 in Transmutations
  2736 | D:3      | Reached skill level 1 in Fire Magic
  2736 | D:3      | Reached skill level 1 in Ice Magic
  2736 | D:3      | Reached skill level 1 in Air Magic
  2736 | D:3      | Reached skill level 1 in Earth Magic
  2736 | D:3      | Reached skill level 1 in Poison Magic
  3050 | D:3      | Noticed a moth of wrath
  3053 | D:3      | Found a bloodstained altar of Trog.
  3403 | D:4      | Reached XP level 5. HP: 47/47 MP: 6/6
  3547 | D:4      | Slain by a wight

Illustrated notes

Levels and vault maps discovered:
D:1:      dpeg_arrival_windows_large_door, layout_basic
D:2:      layout_loops_ring, basic_altar, minmay_misc_feat_alley,
          uniq_crazy_yiuf_cottage
D:3:      layout_loops_ring, tgw_trog, mainiacjoe_overflow_small_starburst,
          serial_shops, nicolae_shop_waterfront, serial_bayou_pond_c,
          minmay_stone_trees_small, minmay_goblin_kobold_house
D:4:      layout_loops_corners, nicolae_dithmenos_the_darkroom,
          grunt_ministairs_10, due_unseen_surprise, uniq_edmund, uniq_eustachio

Skill      XL: |  1  2  3  4 |
---------------+-------------+-----
Invocations    | 1 |  1.5
Short Blades   | 1 |  1.4
Long Blades    | 1 |  1.4
Maces & Flails | 1 |  1.4
Polearms       | 1 |  1.4
Staves         | 1 |  1.4
Slings         | 1 |  1.4
Bows           | 1 |  1.4
Crossbows      | 1 |  1.4
Throwing       | 1 |  1.4
Dodging        | 1 |  1.4
Stealth        | 1 |  1.4
Unarmed Combat | 1 |  1.4
Spellcasting   | 1 |  1.4
Evocations     | 1 |  1.4
Conjurations   | 1 |  1.1
Hexes          | 1 |  1.1
Summonings     | 1 |  1.1
Necromancy     | 1 |  1.1
Translocations | 1 |  1.1
Transmutations | 1 |  1.1
Fire Magic     | 1 |  1.1
Ice Magic      | 1 |  1.1
Air Magic      | 1 |  1.1
Earth Magic    | 1 |  1.1
Poison Magic   | 1 |  1.1
Fighting       | |  6.6
Axes           | |  4.7
Armour         | |  6.6
Shields        | |  6.6

Action                   |  1- 3 |  4- 6 || total
-------------------------+-------+-------++-------
Melee: War axe           |   130 |    26 ||   156
       Bite              |     7 |     4 ||    11
       Long sword        |       |    38 ||    38
Armor: Scale mail        |    61 |    28 ||    89
Dodge: Dodged            |    48 |    26 ||    74
Block: Buckler           |    37 |    15 ||    52

Table legend: (Time is in decaauts)
 A = Elapsed time spent in this place.
 B = Non-inter-level travel time spent in this place.
 C = Inter-level travel time spent in this place.
 D = Time resting spent in this place.
 E = Time spent auto-exploring this place.
 F = Levels seen in this place.
 G = Mean time per level.
                   A        B        C        D        E       F      G
               +--------+--------+--------+--------+--------+-----+--------+
         Total |   3614 |   3416 |    198 |      0 |   2861 |   4 |  903.5 |
       Dungeon |   3614 |   3416 |    198 |      0 |   2861 |   4 |  903.5 |
               +--------+--------+--------+--------+--------+-----+--------+

Top non-repeatable levels by time:
     D:1: 1253 daAuts
     D:3: 1045 daAuts
     D:2: 987 daAuts
     D:4: 329 daAuts
